 Dungeon Sprint DCSS version 0.31-a0-986-g5e6e4ef867 (webtiles) character file.

Game seed: 16330916835850342456

166 rocky1 the Geomancer (level 9, -6/100 HPs)
             Began as an Octopode Earth Elementalist on Nov 20, 2023.
             Was an Initiate of Gozag.
             Mangled by a naga warlord
             ... wielding a +2 battleaxe of freezing
              (36 damage)
             ... in the Dungeon (Sprint VI: "Thunderdome").
             The game lasted 00:07:11 (687 turns).

rocky1 the Geomancer (Octopode Earth Elementalist)   Turns: 687, Time: 00:07:12

Health: -6/100     AC:  1    Str: 15    XL:     9   Next: 20%
Magic:  5/21       EV: 19    Int: 33    God:    Gozag
Gold:   1052       SH:  0    Dex: 28    Spells: 20/24 levels left

rFire   + +          .
                       - Unarmed
rCold   + . .        (no shield)
rNeg    + + .        (helmet restricted)
rPois   +            (no amulet)
rElec   .            n - ring "Orphaec" {rF+ rCorr Str+4}
rCorr   +            o - ring of Idealism {rC+ rN+ Str+3 Dex+3}
SInv    +            p - ring "Wunloema" {rPois rC+ Int+6 Dex+7 SInv}
Will    .....        r - ring of Lang {Int+6 Dex+4} Stlth
                     s - ring "Udoaqid" {Wiz Dex+2}
HPRegen 0.36/turn    m - ring "Tabbuashri" {Fire rN+ Stlth+}
MPRegen 0.17/turn    (no ring)
                     (no ring)

%: no teleportation, wizardry (x1)
@: berserking, hasted, constricted, very quick
A: almost no armour, amphibious, 8 rings, camouflage 1, gelatinous body 1,
(nimble swimmer 1), tentacles
a: Renounce Religion, Potion Petition, Call Merchant, Bribe Branch


You were in the Dungeon.
You worshipped Gozag.
Gozag was most pleased with you.
You visited 1 branch You collected 2042 gold pieces.
You spent 990 gold pieces at shops.

Inventory:

Jewellery
 m - the ring "Tabbuashri" (on tentacle) {Fire rN+ Stlth+}
   (You bought it in a shop in the Dungeon)

   [ring of fire]

   Fire:      It enhances your fire magic.
   rF+:       It protects you from fire.
   rC-:       It makes you vulnerable to cold.
   rN+:       It protects you from negative energy.
   Stlth+:    It makes you more stealthy.
 n - the ring "Orphaec" (left tentacle) {rF+ rCorr Str+4}
   (You bought it in a shop in the Dungeon)

   [ring of protection from fire]

   Str+4:     It affects your strength (+4).
   rF+:       It protects you from fire.
   rCorr:     It protects you from acid and corrosion.
 o - the ring of Idealism (right tentacle) {rC+ rN+ Str+3 Dex+3}
   (You bought it in a shop in the Dungeon)

   [ring of protection from cold]

   Str+3:     It affects your strength (+3).
   Dex+3:     It affects your dexterity (+3).
   rC+:       It protects you from cold.
   rN+:       It protects you from negative energy.
 p - the ring "Wunloema" (on tentacle) {rPois rC+ Int+6 Dex+7 SInv}
   (You bought it in a shop in the Dungeon)

   [ring of intelligence]

   Int+6:     It affects your intelligence (+6).
   Dex+7:     It affects your dexterity (+7).
   rC+:       It protects you from cold.
   rPois:     It protects you from poison SInv: It lets you see invisible.
 q - the ring of Ytumuor {Wiz rElec Str+8 Slay-3}
   (You bought it in a shop in the Dungeon)

   [ring of wizardry]

   Wiz:       It improves your spell success rate.
   Str+8:     It affects your strength (+8).
   Slay-3:    It affects your accuracy & damage with ranged weapons and melee
   (-3).
   rElec:     It insulates you from electricity.
 r - the ring of Lang (on tentacle) {Int+6 Dex+4}
   (You bought it in a shop in the Dungeon)

   [ring of intelligence]

   Int+6:     It affects your intelligence (+6).
   Dex+4:     It affects your dexterity (+4).
 s - the ring "Udoaqid" (on tentacle) {Wiz Dex+2}
   (You bought it in a shop in the Dungeon)

   [ring of wizardry]

   Wiz:       It improves your spell success rate.
   Dex+2:     It affects your dexterity (+2).
 t - the amulet "Esipeaca" {Spirit rPois}
   (You bought it in a shop in the Dungeon)

   [amulet of guardian spirit]

   Spirit:    It causes incoming damage to be divided between your reserves of
   health and magic.
   rPois:     It protects you from poison
Talismans
 k - a granite talisman
 l - a blade talisman
Scrolls
 f - 4 scrolls of blinking
 j - 3 scrolls of fog
Potions
 b - a potion of curing
 c - 4 potions of heal wounds
 d - 3 potions of haste
 g - a potion of resistance


   Skills:
 + Level 8.4 Fighting
 + Level 8.7 Dodging
 - Level 2.6 Stealth
 + Level 8.3 Unarmed Combat
 + Level 8.0 Spellcasting
 - Level 1.0 Transmutations
 + Level 8.8 Earth Magic
 + Level 7.4 Shapeshifting


You had 20 spell levels left.
You knew the following spells:

 Your Spells              Type           Power      Damage    Failure   Level
a - Sandblast             Erth           100%       2d20      1%          1
b - Stone Arrow           Conj/Erth      84%        3d12      1%          3

Your spell library contained the following spells:

 Spells                   Type           Power      Damage    Failure   Level
 Passwall                 Tmut/Erth      37%        N/A       1%          2
 Petrify                  Tmut/Erth      45%        N/A       1%          4
 Brom's Barrelling Bould  Conj/Erth      42%        2d6       2%          4


Dungeon Overview and Level Annotations

Branches:
Dungeon (1/1)

Altars:
Cheibriados
Dithmenos
Fedhas
Gozag
Kikubaaqudgha
Makhleb
Okawaru
Qazlal
Ru
Sif Muna
Trog
Uskayaw
Vehumet
Wu Jian
Xom
Yredelemnul
Zin
The Shining One
Lugonu

Shops:
D *[=??*?*:[((!!!!


Innate Abilities, Weirdness & Mutations

You cannot wear most types of armour.
You are amphibious.
You can wear up to eight rings at the same time.
Your skin changes colour to match your surroundings (Stealth+).
Your rubbery body absorbs attacks. (AC +1, EV +1)
((You are camouflaged when in or above water. (Stealth+)))
You have tentacles for arms and can constrict up to eight enemies at once.


Message History

Unknown command.
Aiming: Stone Arrow (safe; 1% risk of failure)
Press: ? - help, Q - select action, (/) - cycle Shift-Dir - straight line, f/p - naga warlord
Aim: a naga warlord, wielding a +2 battleaxe of freezing (lightly wounded, catching its breath, 76% to hit)
The stone arrow hits the naga warlord!!
The naga warlord is moderately wounded.
The salamander wields a +0 shortbow of flaming.
It bursts into flame!
The salamander shoots an arrow.
The arrow completely misses you.
You feel yourself speed up.
A red film seems to cover your vision as you go berserk!
You feel yourself moving faster!
You feel mighty!
The naga warlord roars a battlecry!
The salamander goes into a battle-frenzy!
You tentacle-slap the naga warlord.
The naga warlord is moderately wounded.
An anaconda comes into view.
The anaconda hisses angrily.
You bludgeon the naga warlord! You squeeze the naga warlord!
The naga warlord is heavily wounded.
The naga warlord spits poison at you. The splash of poison hits you.
You resist.
You bludgeon the naga warlord!
The naga warlord is heavily wounded.
You tentacle-slap the naga warlord. Your squeeze misses the naga warlord.
The naga warlord is severely wounded.
The naga warlord hits you with a +2 battleaxe of freezing!!
The naga warlord freezes you. The naga warlord misses you.
The anaconda barely misses you. The anaconda bites you!
The salamander unwields a +0 shortbow of flaming.
It stops flaming.
The salamander hits you.
You are engulfed in flames.
You resist.
You batter the naga warlord!!
You squeeze the naga warlord, but do no damage.
The naga warlord is severely wounded.
The anaconda grabs you. The anaconda bites you!! The anaconda constricts you.
* * * LOW HITPOINT WARNING * * *
The naga warlord hits you with a +2 battleaxe of freezing!!!
You die...
Your body crumbles into a pile of gold.

##∩___......###......___∩#
###∩........8.# #.8........∩
##.............###...........
#⌠..........###...###........
#⌠..........# #.<.# #........
#⌠..........###...###........
##.............###...........
###∩......NN8.# #.8........∩
##∩.__..S@..###......___∩#
######.8.........8.######
#§...........⌠#
###.........### #_..).....#
#_......._# #_......._#
#∩.......∩# ##∩.....∩##


You could see a naga warlord (catching breath), a salamander (strong) and an
anaconda.

Vanquished Creatures
  A boulder beetle (D)
  2 rust devils (D)
  A naga mage (D)
  Pargi (D)
  6 killer bees (D)
  3 iron imps (D)
  3 river rats (D)
  6 endoplasms (D)
  A rat (D)
24 creatures vanquished.

Notes
Turn   | Place    | Note
-------+----------+-------------------------------------------
     0 | D        | rocky1 the Octopode Earth Elementalist began the quest for
                  | the Orb.
     0 | D        | Reached XP level 1. HP: 11/11 MP: 3/3
     4 | D        | Found a shadowy altar of Dithmenos.
     5 | D        | Found a sacrificial altar of Ru.
     5 | D        | Found a blossoming altar of Fedhas.
     5 | D        | Round 1.
     6 | D        | Found a radiant altar of Vehumet.
     7 | D        | Found Wehu Vio's Timeless Talismans.
     7 | D        | Found a burning altar of Makhleb.
     7 | D        | Found a snail-covered altar of Cheibriados.
     7 | D        | Found Onodd's Identification Station.
     8 | D        | Found Irheoto's Jewellery.
     8 | D        | Found Nanifo's Advanced Armour.
    12 | D        | Found a basalt altar of Yredelemnul.
    13 | D        | Found an opulent altar of Gozag.
    14 | D        | Found an ancient bone altar of Kikubaaqudgha.
    15 | D        | Found a hide-covered altar of Uskayaw.
    15 | D        | Found a bloodstained altar of Trog.
    15 | D        | Found Udul's Premium Goods.
    15 | D        | Found Ogaugry's Weapon Rack.
    16 | D        | Found Zimicuc's Miscellaneous Merchandise.
    16 | D        | Found Qoysk's Basic Armour.
    22 | D        | Became a worshipper of Gozag Ym Sagoz the Greedy
    36 | D        | Found an ornate altar of the Wu Jian Council.
    38 | D        | Found a shimmering blue altar of Sif Muna.
    38 | D        | Found a shimmering altar of Xom.
    38 | D        | Found Naleap's Magic Scroll Shop.
    38 | D        | Found Qomett's Staff Store.
    39 | D        | Found Fyhomu's Magic Scroll Shop.
    39 | D        | Found Wotzaeh's Must-Have Magic.
    45 | D        | Reached skill level 1 in Fighting
    45 | D        | Reached skill level 1 in Unarmed Combat
    45 | D        | Reached skill level 1 in Shapeshifting
    45 | D        | Reached XP level 2. HP: 18/18 MP: 0/5
    61 | D        | Noticed Pargi
    66 | D        | Found a stormy altar of Qazlal.
    68 | D        | Killed Pargi
    69 | D        | Reached XP level 3. HP: 26/26 MP: 0/8
    69 | D        | Reached XP level 4. HP: 31/31 MP: 0/9
    70 | D        | Found an iron altar of Okawaru.
    73 | D        | Found Cyqon's Distillery.
    75 | D        | Found a glowing silver altar of Zin.
    75 | D        | Found a corrupted altar of Lugonu.
    75 | D        | Found a glowing golden altar of the Shining One.
    75 | D        | Found Oxtabb's Do-It-Yourself Clinic.
    77 | D        | Found Ugirr's Distillery.
    77 | D        | Found Akeaw's Bottled Wisdom.
   154 | D        | Arena points: 12 (+12) [x2]
   155 | D        | Reached XP level 5. HP: 37/37 MP: 5/11
   179 | D        | Round 2.
   284 | D        | Arena points: 54 (+42) [x3]
   309 | D        | Bought a granite talisman for 420 gold pieces
   309 | D        | Bought a blade talisman for 210 gold pieces
   311 | D        | Bought a glittering granite ring for 45 gold pieces
   311 | D        | Identified the ring "Tabbuashri" {Fire rN+ Stlth+} (You
                  | bought it in a shop in the Dungeon)
   311 | D        | Bought a coiled platinum ring for 45 gold pieces
   311 | D        | Identified the ring "Orphaec" {rF+ rCorr Str+4} (You bought
                  | it in a shop in the Dungeon)
   311 | D        | Bought a heavily runed gossamer ring for 45 gold pieces
   311 | D        | Identified the ring of Idealism {rC+ rN+ Str+3 Dex+3} (You
                  | bought it in a shop in the Dungeon)
   311 | D        | Bought a shimmering ivory ring for 45 gold pieces
   311 | D        | Identified the ring "Wunloema" {rPois rC+ Int+6 Dex+7 SInv}
                  | (You bought it in a shop in the Dungeon)
   311 | D        | Bought a brightly glowing glass ring for 45 gold pieces
   311 | D        | Identified the ring of Ytumuor {Wiz rElec Str+8 Slay-3}
                  | (You bought it in a shop in the Dungeon)
   311 | D        | Bought a faintly glowing amber ring for 45 gold pieces
   311 | D        | Identified the ring of Lang {Int+6 Dex+4} (You bought it in
                  | a shop in the Dungeon)
   311 | D        | Bought a smoking lapis lazuli ring for 45 gold pieces
   311 | D        | Identified the ring "Udoaqid" {Wiz Dex+2} (You bought it in
                  | a shop in the Dungeon)
   311 | D        | Bought a clouded amethyst amulet for 45 gold pieces
   311 | D        | Identified the amulet "Esipeaca" {Spirit rPois} (You bought
                  | it in a shop in the Dungeon)
   363 | D        | Round 3.
   391 | D        | Reached skill level 5 in Earth Magic
   393 | D        | Reached skill level 5 in Dodging
   416 | D        | Learned a level 3 spell: Stone Arrow
   462 | D        | Reached skill level 5 in Spellcasting
   462 | D        | Reached XP level 6. HP: 37/45 MP: 9/13
   466 | D        | Reached skill level 5 in Fighting
   466 | D        | Reached skill level 5 in Unarmed Combat
   488 | D        | Arena points: 138 (+84) [x4]
   489 | D        | Reached skill level 5 in Shapeshifting
   523 | D        | Round 4.
   549 | D        | Reached XP level 7. HP: 51/51 MP: 12/15
   555 | D        | Noticed a rust devil
   565 | D        | Killed a rust devil
   573 | D        | Noticed a rust devil
   582 | D        | Noticed a boulder beetle
   584 | D        | Killed a rust devil
   585 | D        | Reached XP level 8. HP: 53/60 MP: 2/18
   614 | D        | Killed a boulder beetle
   615 | D        | Reached XP level 9. HP: 54/66 MP: 1/20
   624 | D        | Arena points: 166 (+28) [x1]
   639 | D        | Round 5.
   656 | D        | Noticed a naga mage
   665 | D        | Killed a naga mage
   673 | D        | Noticed a naga warlord
   676 | D        | Noticed a salamander
   683 | D        | Noticed an anaconda
   687 | D        | Mangled by a naga warlord

Illustrated notes

Levels and vault maps discovered:
D:        arena_sprint

Skill      XL: |  1  2  3  4  5  6  7  8  9 |
---------------+----------------------------+-----
Fighting       | 1 3 4 5 7 8 |  8.4
Unarmed Combat | 1 3 4 5 7 8 |  8.3
Shapeshifting  | 1 3 4 5 6 7 |  7.4
Dodging        | 4 5 6 7 8 |  8.7
Spellcasting   | 3 4 5 7 8 |  8.0
Earth Magic    | 4 5 6 7 8 |  8.8
Stealth        | |  2.6
Transmutations | |  1.0

Action                     |  1- 3 |  4- 6 |  7- 9 || total
---------------------------+-------+-------+-------++-------
  Melee: Unarmed           |     2 |     4 |    17 ||    23
         Constrict         |     1 |     1 |     1 ||     3
         Tentacles         |       |     1 |     4 ||     5
   Cast: Sandblast         |     5 |    26 |     5 ||    36
         Stone Arrow       |       |       |    21 ||    21
  Evoke: Wand              |     3 |       |     7 ||    10
    Use: Potion            |       |       |     5 ||     5
 Armour: Skin              |       |     5 |    11 ||    16
  Dodge: Dodged            |     6 |    14 |    15 ||    35

Table legend: (Time is in decaauts)
 A = Elapsed time spent in this place.
 B = Non-inter-level travel time spent in this place.
 C = Inter-level travel time spent in this place.
 D = Time resting spent in this place.
 E = Time spent auto-exploring this place.
 F = Levels seen in this place.
 G = Mean time per level.
                   A        B        C        D        E       F      G
               +--------+--------+--------+--------+--------+-----+--------+
         Total |    698 |    696 |      2 |     84 |     63 |   1 |  698.0 |
       Dungeon |    698 |    696 |      2 |     84 |     63 |   1 |  698.0 |
               +--------+--------+--------+--------+--------+-----+--------+

Top non-repeatable levels by time:
       D: 698 daAuts
